 Dungeon Crawl Stone Soup version 0.28.0-47-ge53b351184 (webtiles) character file.

Game seed: 12408864316108847619

51 Iusername the Covered (level 3, -1/33 HPs)
             Began as a Minotaur Fighter on May 6, 2022.
             Slain by a gnoll
             ... wielding a +0 flail
              (9 damage)
             ... on level 2 of the Dungeon.
             The game lasted 00:00:53 (1069 turns).

Iusername the Covered (Minotaur Fighter)            Turns: 1069, Time: 00:00:53

Health: -1/33      AC:  7    Str: 22    XL:     3   Next: 58%
Magic:  2/2        EV:  9    Int:  5    God:
Gold:   67         SH:  4    Dex:  9    Spells: 2/2 levels left

rFire   . . .      SeeInvis .   a - +0 long sword
rCold   . . .      Faith    .   c - +0 buckler
rNeg    . . .      Spirit   .   b - +0 scale mail
rPois   .          Reflect  .   (helmet restricted)
rElec   .          Harm     .   (no cloak)
rCorr   .          Rampage  .   (no gloves)
Will    .....                   (no boots)
Stlth   ..........              (no amulet)
HPRegen 0.11/turn               (no ring)
MPRegen 0.08/turn               (no ring)

@: mighty
A: horns 2, retaliatory headbutt
a: no special abilities


You were on level 2 of the Dungeon.
You visited 1 branch of the dungeon, and saw 2 of its levels.

You collected 67 gold pieces.

Inventory:

Hand Weapons
 a - a +0 long sword (weapon)
Armour
 b - a +0 scale mail (worn)
 c - a +0 buckler (worn)
Scrolls
 e - a scroll of teleportation {unknown}
 f - a scroll of amnesia {unknown}
 g - 3 scrolls of identify {unknown}
Potions
 h - a potion of mutation {unknown}


   Skills:
 + Level 4.2 Fighting
 + Level 3.1 Long Blades
 + Level 4.2 Armour
 + Level 4.2 Shields


You had 2 spell levels left.
You didn't know any spells.
Your spell library contained the following spells:

 Spells                   Type           Power      Damage    Failure   Level
 Animate Skeleton         Necr           0%         N/A       87%         1
 Apportation              Tloc           0%         N/A       87%         1
 Summon Small Mammal      Summ           0%         N/A       87%         1


Dungeon Overview and Level Annotations

Branches:
Dungeon (2/15)

Altars:

Annotations:
D:2 1 runed translucent door, Crazy Yiuf


Innate Abilities, Weirdness & Mutations

You have a pair of horns on your head.
You reflexively headbutt those who attack you in melee.


Message History

There are monsters nearby!
The gnoll shouts!
You hit the gnoll but do no damage. The gnoll hits you with a +0 club.
You hit the gnoll. Your headbutt misses the gnoll.
The gnoll is moderately wounded.
There are monsters nearby!
There are monsters nearby!
You closely miss the gnoll. The gnoll barely misses you.
You furiously retaliate!
You headbutt the gnoll, but do no damage.
The gnoll barely misses you. You furiously retaliate!
You headbutt the gnoll!
There are monsters nearby!
There are monsters nearby!
You barely miss the gnoll. Your headbutt misses the gnoll.
The gnoll is heavily wounded.
The gnoll closely misses you. You block the gnoll's attack.
The gnoll hits you with a +0 flail.
There are monsters nearby!
You barely miss the gnoll.
You headbutt the gnoll, but do no damage.
The gnoll is heavily wounded.
The gnoll hits you with a +1 flail of protection!
The gnoll closely misses you. You furiously retaliate!
You headbutt the gnoll.
The gnoll barely misses you. x2; You furiously retaliate!
You headbutt the gnoll.
You feel very mighty all of a sudden. The gnoll hits you with a +0 flail.
The gnoll hits you with a +1 flail of protection.
The gnoll hits you with a +0 club.
* * * LOW HITPOINT WARNING * * *
You slash the gnoll!
You kill the gnoll!
You block the gnoll's attack. The gnoll closely misses you.
You furiously retaliate!
You headbutt the gnoll! The gnoll hits you with a +0 club.
* * * LOW HITPOINT WARNING * * *
You slash the gnoll!
The gnoll is severely wounded.
The gnoll hits you with a +0 flail!
You die...

...........#..#.#####
.###.########.#.# .# #.#
#...# .# #.#
##..######## .###'#####
#..>.......# .........#
#..........#
.........####..........#
................)g.....#
..........#####'@g......
..........# #†g#######
..........# #..#
..........# #..#
..........# #... #..##
#..# #..#


You could see 3 gnolls.

Vanquished Creatures
  A gnoll (D:2)
  An adder (D:2)
  A bat (D:1)
  3 endoplasms (D:1)
  2 giant cockroaches
  6 hobgoblins
  3 jackals (D:2)
  A quokka (D:1)
  2 ball pythons
  A frilled lizard (D:1)
  3 goblins
  4 kobolds
  2 rats (D:2)
30 creatures vanquished.

Notes
Turn   | Place    | Note
-------+----------+-------------------------------------------
     0 | D:1      | Iusername the Minotaur Fighter began the quest for the Orb.
     0 | D:1      | Reached XP level 1. HP: 19/19 MP: 0/0
   300 | D:1      | Reached XP level 2. HP: 27/27 MP: 1/1
   885 | D:2      | Reached XP level 3. HP: 33/33 MP: 2/2
  1029 | D:2      | Found a runed translucent door.
  1030 | D:2      | Noticed Crazy Yiuf
  1069 | D:2      | Slain by a gnoll

Illustrated notes

Levels and vault maps discovered:
D:1:      lemuel_arrival_rhombus, layout_loops_ring, st_stairs_9,
          hangedman_decor_clover_reticule
D:2:      minmay_diamond_boxcup, layout_basic,
          dreamdust_ecumenical_altar_hidden_monk_grotto,
          guppyfry_early_orc_mine, uniq_crazy_yiuf_cottage

Skill      XL: |  1  2 |
---------------+-------+-----
Shields        | 4 |  4.2
Armour         | 4 |  4.2
Fighting       | 4 |  4.2
Long Blades    | 3 |  3.1

Action                   || total
-------------------------++-------
Melee: Long sword        ||    51
       Headbutt          ||     6
  Use: Potion            ||     1
Armor: Scale mail        ||    11
Dodge: Dodged            ||    26
Block: Buckler           ||     9
